 Dungeon Crawl Stone Soup version 0.19.0 (webtiles) character file.

1395 Buncs the Cutter (level 9, -2/58 HPs)
             Began as a Halfling Skald on Nov 10, 2016.
             Was an Initiate of Gozag.
             Slain by a wight
             ... wielding a +3 falchion of freezing
              (5 damage)
             ... on level 6 of the Dungeon.
             The game lasted 00:39:51 (7105 turns).

Buncs the Cutter (Halfling Skald)                   Turns: 7105, Time: 00:39:54

Health: -2/58      AC:  5    Str: 13    XL:     9   Next: 0%
Magic:  13/13      EV: 14    Int: 10    God:    Gozag
Gold:   605        SH:  0    Dex: 17    Spells: 2 memorised, 11 levels left

rFire  + . .     SeeInvis .     d - -1 short sword (curse)
rCold  . . .     Gourm    .     b - +2 leather armour
rNeg   . . .     Faith    .     (shield restricted)
rPois  .         Spirit   .     (no helmet)
rElec  .         Reflect  .     (no cloak)
rCorr  +         Harm     .     (no gloves)
MR     .....                    (no boots)
Stlth  ++........               u - amulet of regeneration
                                o - ring of protection from fire
                                j - ring of resist corrosion

@: very slightly contaminated, heavily drained
A: mutation resistance 1
a: Potion Petition, Call Merchant, Bribe Branch, Renounce Religion


You were on level 6 of the Dungeon.
You worshipped Gozag.
Gozag was pleased with you.
You were hungry.

You visited 1 branch of the dungeon, and saw 6 of its levels.

You collected 652 gold pieces.
You paid 47 gold pieces to Gozag.

Inventory:

Hand Weapons
 a - a +0 short sword
 d - a cursed -1 short sword (weapon)
 k - a +3 short sword of flaming
 m - a +2 spear of freezing
 r - a +0 rapier
 x - a +2 flail of protection
 y - a +3 shortbow
Missiles
 g - 24 poisoned needles
 n - 7 javelins of penetration
 v - 3 poisoned tomahawks (quivered)
Armour
 b - a +2 leather armour (worn)
 w - the +2 scale mail "Iditzun" {Regen+, unknown}
   (You found it on level 5 of the Dungeon)

   It increases your rate of regeneration.
 A - a +0 shield
Jewellery
 j - a ring of resist corrosion (left hand)
 o - a ring of protection from fire (right hand)
 q - an uncursed amulet of magic regeneration
 u - an amulet of regeneration (around neck)
 z - a +3 amulet of reflection
Wands
 f - a wand of hasting (4/9)
 h - a wand of teleportation (0/9)
 t - a wand of lightning (0/15)
Scrolls
 p - a scroll of identify
Potions
 e - 2 potions of resistance
 B - a potion of curing
Books
 c - a book of Battle

   Spells                             Type                      Level
   a - Infusion                       Charms                       1
   b - Shroud of Golubria             Charms/Translocation         2
   c - Song of Slaying                Charms                       2
   d - Spectral Weapon                Hexes/Charms                 3
   e - Regeneration                   Charms/Necromancy            3
 s - a book of Conjurations

   Spells                             Type                      Level
   a - Magic Dart                     Conjuration                  1
   b - Searing Ray                    Conjuration                  2
   c - Dazzling Spray                 Conjuration/Hexes            3
   d - Fulminant Prism                Conjuration/Hexes            4
   e - Iskenderun's Mystic Blast      Conjuration                  4
   f - Iskenderun's Battlesphere      Conjuration/Charms           5
Comestibles
 i - 4 fruits
 l - 4 bread rations
 D - a meat ration


   Skills:
 + Level 3.9(1.6) Fighting
 + Level 5.3(3.0) Short Blades
 + Level 4.2(2.0) Armour
 + Level 4.3(2.0) Dodging
 + Level 4.5(2.2) Stealth
 + Level 3.2(1.0) Spellcasting
 + Level 5.2(2.9) Charms


You had 11 spell levels left.
You knew the following spells:

 Your Spells              Type           Power        Failure   Level  Hunger
a - Infusion              Chrm           #...         14%         1    ##.....
b - Song of Slaying       Chrm           #.......     21%         2    ###....


Dungeon Overview and Level Annotations

Branches:
Dungeon (6/15)             Temple (0/1) D:6

Altars:
Gozag
Hepliaklqana
Ru
Zin

Shops:
D:6 :


Innate Abilities, Weirdness & Mutations

You are small and have problems with some larger weapons.
You are somewhat resistant to further mutation.


Message History

You completely miss the wight.
The wight is severely damaged.
The wight hits you with a falchion of freezing.
You feel drained. The wight freezes you.
You hit the wight but do no damage.
The wight is severely damaged.
The wight hits you with a falchion of freezing!
* * * LOW HITPOINT WARNING * * *
The wight freezes you.
* * * LOW HITPOINT WARNING * * *
You hit the wight but do no damage.
The wight is severely damaged.
The wight misses you.
You hit the wight.
The wight is almost destroyed.
The wight hits you with a falchion of freezing!
* * * LOW HITPOINT WARNING * * *
You feel drained. The wight freezes you.
You die...
Your body crumbles into a pile of gold.

##...(......#########..####.##..#
.'.....................>..#.##..#
##....####..#.#######...#.#.....#
#....# #..#.# ##..#.#####.#
#....# ##.#.# #....#...... #....#
#z#.########.#..#...... ######
#.#.#<..........#.#.#.#
#.#.########.#.##.#.#.# #...zz@.#
#.#.#. ..#.# #....##.#
#.#.######.# ####....##.#
#.#.........
##....#>###.####.##########
#.......# #.)....# #.......#
######## #).....># #.......#
#.[.....####


You could see 2 wights.

Vanquished Creatures
  An orc warrior (D:6)
  An ice beast (D:6)
  An ogre (D:5)
  2 centaurs (D:5)
  Blork the orc (D:5)
  3 bullfrogs (D:6)
  Dowan (D:5)
  A crimson imp (D:5)
  A bullfrog zombie (D:6)
  2 bullfrog skeletons
  2 hounds
  3 orc wizards
  An iguana (D:6)
  2 hound zombies
  A hound skeleton (D:5)
  4 adders
  3 river rats (D:5)
  3 oozes (D:1)
  3 worms
  A dart slug (D:1)
  5 leopard geckos
  16 orcs
  4 ball pythons
  7 giant cockroaches
  5 goblins
  4 hobgoblins
  17 jackals
  6 kobolds
  6 bats
  6 frilled lizards
  9 rats
122 creatures vanquished.

Vanquished Creatures (others)
  Duvessa (D:5)
  An orc wizard (D:5)
2 creatures vanquished.

Grand Total: 124 creatures vanquished

Notes
Turn   | Place    | Note
-------+----------+-------------------------------------------
     0 | D:1      | Buncs the Halfling Skald began the quest for the Orb.
     0 | D:1      | Reached XP level 1. HP: 14/14 MP: 3/3
   143 | D:1      | Reached XP level 2. HP: 19/19 MP: 0/4
   430 | D:1      | Reached XP level 3. HP: 22/24 MP: 0/5
   439 | D:1      | Reached skill level 1 in Stealth
   613 | D:1      | Learned a level 2 spell: Song of Slaying
  1056 | D:2      | Reached XP level 4. HP: 18/29 MP: 4/7
  1778 | D:2      | Found a hazy altar of Hepliaklqana.
  2204 | D:3      | Reached XP level 5. HP: 21/35 MP: 0/8
  2778 | D:3      | Found an opulent altar of Gozag.
  2784 | D:3      | Became a worshipper of Gozag Ym Sagoz the Greedy
  3222 | D:4      | Noticed an ogre
  3574 | D:4      | Reached XP level 6. HP: 33/41 MP: 0/9
  3788 | D:4      | Found a glowing silver altar of Zin.
  3839 | D:4      | Found a sacrificial altar of Ru.
  3898 | D:4      | Noticed a phantom
  4225 | D:5      | Entered Level 5 of the Dungeon
  4610 | D:5      | Noticed Blork the orc
  4621 | D:5      | Killed Blork the orc
  4621 | D:5      | Reached XP level 7. HP: 23/45 MP: 0/10
  4799 | D:5      | Noticed Dowan
  4803 | D:5      | Noticed Duvessa
  4851 | D:5      | Killed Duvessa
  4862 | D:5      | Killed Dowan
  5365 | D:5      | Got an ichor-stained scale mail
  5623 | D:5      | Reached XP level 8. HP: 28/52 MP: 6/12
  6160 | D:6      | Found Zosev's Book Shoppe.
  6234 | D:6      | Reached skill level 5 in Short Blades
  6234 | D:6      | Reached skill level 5 in Charms
  6482 | D:6      | Found a staircase to the Ecumenical Temple.
  6626 | D:6      | HP: 1/54 [orc warrior/war axe (24)]
  7000 | D:6      | Reached XP level 9. HP: 58/58 MP: 5/13
  7105 | D:6      | Slain by a wight

Skill      XL: |  1  2  3  4  5  6  7  8 |
---------------+-------------------------+-----
Fighting       | 2 3 |  3.9
Stealth        | 1 2 3 4 |  4.5
Spellcasting   | 2 3 |  3.2
Dodging        | 2 3 4 |  4.3
Armour         | 2 3 4 |  4.2
Short Blades   | 3 4 5 |  5.3
Charms         | 4 5 |  5.2

Action                   |  1- 3 |  4- 6 |  7- 9 || total
-------------------------+-------+-------+-------++-------
Melee: Short sword       |    98 |   287 |   360 ||   745
 Cast: Infusion          |     9 |    15 |    17 ||    41
       Song of Slaying   |     2 |     8 |     7 ||    17
Invok: Potion Petition   |       |       |     1 ||     1
Evoke: Wand              |       |     1 |     5 ||     6
  Use: Potion            |     2 |     3 |     6 ||    11
       Scroll            |       |     7 |     7 ||    14
 Stab: Sleeping          |       |     4 |     2 ||     6
       Distracted        |       |     3 |       ||     3
       Invisible         |       |       |     1 ||     1
  Eat: Bread ration      |     1 |     1 |     2 ||     4
       Meat ration       |       |     1 |       ||     1
       Fruit             |       |       |     1 ||     1
Armor: Leather armour    |    24 |    41 |    44 ||   109
       Skin              |       |       |    34 ||    34
Dodge: Dodged            |    84 |   186 |   220 ||   490
